[Event "Susha Chess Rapid 2022"]
[Site "Shusha"]
[Date "2022.09.22"]
[Round "2.5"]
[White "Yilmaz, Mustafa"]
[Black "Radjabov, Teimour"]
[Result "0-1"]
[ECO "E18"]
[WhiteElo "2633"]
[BlackElo "2747"]
[Annotator "TA"]
[PlyCount "92"]
[EventDate "2022.09.21"]
[EventType "tourn"]
[EventCountry "AZE"]
[SourceTitle "playchess.com"]
[Source "ChessBase"]
[SourceQuality "1"]
[TimeControl "900+10"]

1. d4 Nf6 2. c4 e6 3. Nf3 b6 4. g3 Bb7 5. Bg2 Be7 6. O-O O-O 7. Nc3 Ne4 8. Bd2 Nxd2 9. Qxd2 d6 10. e4 {[%emt 0:00:16] E18: Queen's Indian: Old Main Line (4 g3 Bb7 5 Bg2 Be7 6 0-0 0-0 7 Nc3).} Nd7 11. Rfe1 c5 $5 {[%emt 0:00:57][%mdl 4] Exploring less charted territory.} 12. d5 {[%emt 0:01:38] White is slightly better.} e5 {[%emt 0:00:03] [#]} 13. h4 $146 ({Predecessor:} 13. h3 g6 14. Nh2 Bf6 15. Nf1 Bg7 16. a3 f5 17. f3 Nf6 18. Qd3 Bc8 19. Kh2 fxe4 20. fxe4 {0-1 (50) Shafigullina,Z (2269)-Bulmaga,I (2434) Moscow 2019}) 13... g6 14. Bh3 Nf6 15. Kg2 Re8 16. a3 Bc8 17. Bxc8 (17. Ng5 {with more complications.} Nh5 18. Bxc8 Qxc8 19. Nh3) 17... Qxc8 18. Rh1 (18. Ng5 {is interesting.} Nh5 19. Nh3 Qg4 20. Qe2) 18... Nh5 19. Rag1 (19. Ng5 {keeps more tension.} Rf8 20. Nh3 f5 21. exf5 Qxf5 22. Qe2) 19... Rf8 20. Kf1 f5 21. Qe2 Ng7 22. Nd2 (22. exf5 $11 Nxf5 23. Kg2) 22... a6 23. a4 (23. Nd1 {seems wilder.} fxe4 24. Kg2 Rb8 25. Ne3) 23... Qd7 24. exf5 Nxf5 25. Nf3 Nd4 {[%emt 0:01:10] Black is more active.} 26. Nxd4 cxd4 27. Ne4 Qxa4 28. h5 {[%emt 0:01:16] [#] And now hxg6 would win.} g5 {[%emt 0:00:09][%cal Bg6g5,Bg5g4][%mdl 32] Strongly threatening ...Rac8.} 29. Kg2 Kh8 (29... Qd7 $15) 30. Ra1 $11 Qd7 31. Ra3 a5 32. Rb1 g4 33. b4 $1 axb4 34. Rxa8 Rxa8 35. Rxb4 Bd8 36. Rb2 Kg7 37. Ra2 $2 {[%emt 0:00:18][%mdl 8192] [#] Against Ra1} (37. Qd1 $11) 37... Rxa2 $2 (37... d3 $1 $19 38. Qd2 (38. h6+ $2 Kg6 $19) 38... Rxa2 39. Qxa2 Qf5 40. Nxd6 (40. h6+ $2 Kg6 $19) 40... Qf3+ 41. Kg1 Kh6) 38. Qxa2 $19 {[%emt 0:00:01][%mdl 4096] Endgame KQB-KQN} Kh6 39. Qa3 Be7 $36 {[%emt 0:00:09][%mdl 2048] Black is more active.} 40. Qa8 $2 {[%emt 0:00:16][%mdl 8192] This move loses the game for White.} (40. Kg1 $15) 40... Qf5 41. Nd2 Bg5 ({Stronger than} 41... Qxh5 42. Qb7 Qe8 43. Qxb6 $17) (41... e4 $142 {( -> ...e3)} 42. Qa1 e3) 42. Nf1 e4 43. Qb8 e3 {[%emt 0:00:03] Black mates.} 44. Qxd6+ Kxh5 45. fxe3 dxe3 46. Nh2 Qe4+ {[%emt 0:00:03] Weighted Error Value: White=0.54/Black=0.29 (precise)} 0-1

[Event "Susha Chess Rapid 2022"]
[Site "Shusha"]
[Date "2022.09.22"]
[Round "3.1"]
[White "Durarbayli, Vasif"]
[Black "Yilmaz, Mustafa"]
[Result "1/2-1/2"]
[ECO "B92"]
[WhiteElo "2628"]
[BlackElo "2633"]
[Annotator "TA"]
[PlyCount "76"]
[EventDate "2022.09.21"]
[EventType "tourn"]
[EventCountry "AZE"]
[SourceTitle "playchess.com"]
[Source "ChessBase"]
[SourceQuality "1"]
[TimeControl "900+10"]

1. e4 c5 2. Nf3 d6 3. d4 cxd4 4. Nxd4 Nf6 5. Nc3 a6 6. Be2 e5 7. Nb3 Be7 8. Be3 Be6 9. Nd5 Nbd7 10. Qd3 Bxd5 11. exd5 Rc8 {[%emt 0:00:01] now supersedes 11...0-0.} 12. O-O-O {[%emt 0:00:01] B92: Sicilian Najdorf: 6 Be2.} Nb6 13. Kb1 {[%emt 0:00:02] [#]} Qc7 $146 ({Predecessor:} 13... Nc4 14. Bc1 h5 15. h3 h4 16. g4 Nd7 17. Qe4 b5 18. f4 exf4 19. Nd4 Nce5 20. Bxf4 {½-½ (62) Najer,E (2661)-Saric,I (2669) Warsaw 2021}) 14. Bf3 {[%emt 0:01:31] White is slightly better.} O-O 15. g4 Rfe8 16. Rhe1 (16. Nd2 $16) 16... Bf8 {[%emt 0:01:46] [#]} (16... Nc4 $11 {keeps the balance.} 17. Bc1 h6) 17. Nd2 $1 $16 Nc4 18. Nxc4 ({White should try} 18. g5 $16 Nd7 19. Bg4 Nxe3 20. Rxe3) 18... Qxc4 19. Qxc4 Rxc4 20. Be2 Rcc8 21. g5 Nd7 22. Bg4 Rc7 23. h4 {[%emt 0:00:50][%cal Bh2h4,Bh4h5][%mdl 32] White is more active.} b5 24. h5 Nc5 25. g6 Be7 26. gxf7+ Kxf7 27. f4 Bf6 28. Rg1 (28. h6 $1 $16) 28... b4 (28... exf4 $14 29. Bxf4 Be5) 29. Rdf1 {[%emt 0:00:43][%cal Oh5h6] [#] Hoping for h6!} a5 $2 (29... e4 $16) 30. Bf5 $2 {[%emt 0:00:11] A strong pair of Bishops.} (30. h6 $1 $18) 30... Kg8 $14 31. Bxc5 Rxc5 32. fxe5 Bxe5 33. Be6+ Kh8 34. Rf7 $1 {[%emt 0:00:01] And now Rgf1 would win.} h6 35. Rgf1 $1 Bf6 36. Rd7 Be5 37. Rdf7 {[%emt 0:02:35] Rf8+ would kill now.} Bf6 38. Rd7 Be5 $1 {[%emt 0:00:02] Weighted Error Value: White=0.24 (precise) /Black=0.29 (precise)} 1/2-1/2

[Event "Susha Chess Rapid 2022"]
[Site "Shusha"]
[Date "2022.09.22"]
[Round "3.2"]
[White "Radjabov, Teimour"]
[Black "Vidit, Santosh Gujrathi"]
[Result "1/2-1/2"]
[ECO "D26"]
[WhiteElo "2747"]
[BlackElo "2710"]
[Annotator "TA"]
[PlyCount "31"]
[EventDate "2022.09.21"]
[EventType "tourn"]
[EventCountry "AZE"]
[SourceTitle "playchess.com"]
[Source "ChessBase"]
[SourceQuality "1"]
[TimeControl "900+10"]

1. d4 d5 2. c4 dxc4 3. Nf3 Nf6 4. e3 e6 5. Bxc4 c5 6. O-O Nc6 7. dxc5 Qxd1 8. Rxd1 Bxc5 {[%emt 0:00:02] The position is equal.} 9. b3 {[%emt 0:00:08] D26: Queen's Gambit Accepted: 4 e3 e6 5 Bxc5 c5 sidelines.} O-O 10. Bb2 Be7 11. Nc3 {[%emt 0:00:16][%cal Bb1c3,Bc3b5,Bb5c7][%mdl 32] [#]} Bd7 $146 ({Predecessor:} 11... a6 12. Rac1 b5 13. Bd3 Bb7 14. Ne2 Rfd8 15. Ng3 Nb4 16. Bb1 Rxd1+ 17. Rxd1 Rd8 18. Rxd8+ Bxd8 19. Ne5 Bb6 20. a3 {½-½ (20) Loman,R-Walbrodt,C Dresden 1892}) 12. Nb5 Rfd8 13. Rac1 Ne8 14. Ne5 Nxe5 15. Bxe5 a6 16. Nc7 {[%emt 0:02:02] An uneventful encounter.  Weighted Error Value: White=0.03 (flawless) /Black=0.02 (flawless)} 1/2-1/2

[Event "Susha Chess Rapid 2022"]
[Site "Shusha"]
[Date "2022.09.22"]
[Round "3.3"]
[White "Mamedyarov, Shakhriyar"]
[Black "Wang, Hao"]
[Result "1-0"]
[ECO "D35"]
[WhiteElo "2757"]
[BlackElo "2722"]
[Annotator "TA"]
[PlyCount "131"]
[EventDate "2022.09.21"]
[EventType "tourn"]
[EventCountry "AZE"]
[SourceTitle "playchess.com"]
[Source "ChessBase"]
[SourceQuality "1"]
[TimeControl "900+10"]

1. d4 Nf6 2. c4 e6 3. Nc3 d5 4. cxd5 exd5 5. Bg5 c6 6. e3 Be7 {[%emt 0:00:02] 6...Bd6 is the recent fashion.} 7. Bd3 h6 8. Bf4 Bd6 {[%emt 0:00:02] D35: Queen's Gambit Declined: Exchange Variation.} 9. Nge2 O-O 10. h3 Re8 {[%emt 0:00:14] White has an edge.} 11. Qc2 a5 {[%emt 0:00:17] [#]} 12. a3 $146 ({Predecessor:} 12. O-O Nh5 13. Bxd6 Qxd6 14. Na4 Nd7 15. Rfc1 Qe7 16. Kf1 Qd6 17. g4 Nhf6 18. Kg2 {1-0 (57) Johansson,L (2473)-Vogel,R (2447) Germany 2022}) 12... Bxf4 13. Nxf4 Na6 14. g4 Qd6 {[%emt 0:00:14] aiming for ...Qxf4.} 15. Nce2 Ne4 16. Rg1 Bd7 17. h4 Qe7 $1 18. Bxe4 (18. g5 {is interesting.} hxg5 19. hxg5 g6 20. Ng3) 18... Qxe4 19. Qxe4 Rxe4 20. Kd2 g6 21. g5 {[%emt 0:00:52] Strongly threatening h5.} h5 $1 22. b4 Nc7 23. Rgb1 (23. Nc3 $5 ) 23... a4 ({Better is} 23... Nb5 $11) 24. b5 (24. Nc3 $1 $14) 24... cxb5 $2 (24... Nxb5 $11 25. Rxb5 cxb5) 25. Nc3 $16 Rxf4 26. exf4 Bc6 27. f5 gxf5 28. Ne2 Ne6 {[%emt 0:00:03] Inhibits Nf4.} 29. Rb4 {[%emt 0:00:04][%mdl 1024] White has strong compensation.} f4 30. Re1 Kg7 31. Nc3 Rd8 32. Re5 (32. Nxb5 Bxb5 33. Rxe6 (33. Rxb5 Nxd4 34. Rxb7 Nf3+ 35. Ke2 Nxe1 $17) 33... fxe6 $11) 32... Kg6 33. Kd3 Ng7 34. Ne2 {[%emt 0:00:07] White is more active.} ({But not} 34. Nxb5 Nf5 $14) 34... Ne6 35. Rb1 Rd6 {[%emt 0:00:20] [#]} (35... Re8 $16 {might work better.}) 36. Rxe6+ $1 $18 {[%emt 0:00:20][%mdl 576] Remove Defender} fxe6 37. Nxf4+ {[%emt 0:00:02][%mdl 4096] Endgame KRB-KRN} Kf5 38. Nxh5 {[%emt 0:00:01] Black must now prevent Rg1.} Rd8 39. Re1 b4 40. Ng7+ ({Don't play} 40. axb4 Bd7 $16) 40... Kg6 (40... Kg4 $16) 41. Nxe6 Ra8 (41... Rc8 $142 42. axb4 Bb5+ 43. Kd2 Rc4) 42. axb4 a3 43. Ra1 (43. Kc2 $18) 43... Kf5 44. Nc5 (44. Nc7 $18 Rc8 45. b5 (45. Rxa3 Rxc7 46. Ra8 Rh7 $17) 45... Rxc7 46. bxc6 bxc6 47. Rxa3) 44... Rh8 45. Kc3 {[%emt 0:00:18] Threatens to win with Rh1.} Rxh4 46. b5 (46. Rg1 {feels hotter.} a2 47. g6 Be8 48. Nxb7 Bxg6 49. Ra1) 46... Bxb5 47. Nxb7 {[%emt 0:00:01] And now Nd6+ would win.} Kxg5 48. Rxa3 Rf4 49. Ra2 (49. Ra5 $5 Rf3+ 50. Kb4 $14) 49... Bc4 50. Rb2 Rf6 51. Nc5 {[%emt 0:00:08][%cal Oc5e4] Ne4+! is the strong threat.} Kf4 {[%emt 0:00:12] Inhibits Ne4.} 52. Na4 Ke4 53. Nc5+ Kf4 54. Nd7 Rc6 (54... Rf7 $5 55. Ne5 Rc7 $11) 55. Rb6 (55. Rb8 $5 ) 55... Rc7 (55... Bb5+ $11 56. Kb4 Rxb6 57. Nxb6 Be8) 56. Rf6+ $16 Kg4 ({Black should try} 56... Kg5 57. f4+ Kh4) 57. Ne5+ Kg5 {[%emt 0:00:02] [#]} 58. Rf8 Rb7 $2 {[%emt 0:00:13][%mdl 8192] Loses the game.} (58... Bf1+ $16 59. Kb4 Kh6) 59. f4+ $18 Kh6 60. Nxc4 {[%emt 0:00:02] KRN-KR. White mates.} Rc7 {[%emt 0:00:01] [#]} 61. Rf5 $1 dxc4 (61... Rxc4+ 62. Kd3) 62. Rc5 Rf7 63. f5 Kg5 64. Kxc4 Kf4 65. Re5 Kg5 66. Kd5 {[%emt 0:00:10] Weighted Error Value: White=0.16 (very precise) /Black=0.31} (66. d5 $142 Kf6 67. Re2 Ra7 68. d6 Ra4+ 69. Kc5 Ra5+ 70. Kb6 Rd5 71. Kc7 Kxf5 72. d7) 1-0

[Event "Susha Chess Rapid 2022"]
[Site "Shusha"]
[Date "2022.09.22"]
[Round "3.4"]
[White "Kasimdzhanov, Rustam"]
[Black "Maghsoodloo, Parham"]
[Result "1/2-1/2"]
[ECO "B30"]
[WhiteElo "2670"]
[BlackElo "2721"]
[Annotator "TA"]
[PlyCount "80"]
[EventDate "2022.09.21"]
[EventType "tourn"]
[EventCountry "AZE"]
[SourceTitle "playchess.com"]
[Source "ChessBase"]
[SourceQuality "1"]
[TimeControl "900+10"]

1. e4 c5 2. Nf3 Nc6 3. Bb5 e5 4. O-O Bd6 5. c3 a6 6. Bxc6 {[%emt 0:00:23] B30: Sicilian: 2...Nc6 3 Bb5, lines without ...g6.} dxc6 7. d4 exd4 8. cxd4 Bg4 9. Be3 (9. Nbd2 $11 {remains equal.}) 9... cxd4 ({Black should try} 9... Bxf3 $17 10. Qxf3 (10. gxf3 Qh4 $17) 10... cxd4 11. Bxd4 {[#]} Bxh2+ $1 12. Kxh2 Qxd4) 10. Qxd4 $15 Bxf3 11. gxf3 {[%emt 0:01:54] [#]} Qf6 $146 ({Predecessor:} 11... Qc7 12. h3 Ne7 13. Nd2 Rd8 14. Qc3 Be5 15. Qc2 Rd6 16. Rfd1 Rg6+ 17. Kf1 Qc8 {0-1 (47) Anfinogenov,A (2054)-Scerbin,D (2365) Nalchik 2015}) 12. Qxf6 Nxf6 13. Nd2 O-O-O 14. Nc4 {[%emt 0:00:58] [#] Strongly threatening e5.} Bc7 15. a4 Nd7 16. b4 Ne5 17. Nxe5 Bxe5 18. Rac1 Bd4 19. Bf4 g5 20. Bg3 ({Not} 20. Bxg5 $2 Rdg8 21. h4 h6 $19) 20... Kd7 21. h4 h6 22. Kg2 Ke6 23. Rh1 f6 (23... f5 {is more complex.} 24. exf5+ Kxf5 25. Rc4 Rd5) 24. Rc2 Rhe8 25. hxg5 hxg5 26. Rh7 Re7 27. Rh6 Kf7 28. Rh7+ Ke6 29. Rh6 Red7 30. Kh3 a5 31. bxa5 Ra8 32. Kg4 Rxa5 33. Rc4 c5 34. Rh1 b5 35. axb5 Rb7 36. b6 Rb5 37. Bc7 Rb4 38. Rhc1 Bxf2 39. Rxc5 (39. R4c2 $14 {feels stronger.} Bd4 40. Rd1) 39... Bxc5 $11 40. Rxc5 R4xb6 {[%emt 0:00:01] Weighted Error Value: White=0.15 (very precise) /Black=0.13 (very precise)} 1/2-1/2

[Event "Susha Chess Rapid 2022"]
[Site "Shusha"]
[Date "2022.09.22"]
[Round "3.5"]
[White "Guseinov, Gadir"]
[Black "Mamedov, Rauf"]
[Result "1/2-1/2"]
[ECO "B35"]
[WhiteElo "2661"]
[BlackElo "2646"]
[Annotator "TA"]
[PlyCount "39"]
[EventDate "2022.09.21"]
[EventType "tourn"]
[EventCountry "AZE"]
[SourceTitle "playchess.com"]
[Source "ChessBase"]
[SourceQuality "1"]
[TimeControl "900+10"]

1. e4 c5 2. Nf3 Nc6 3. Nc3 g6 4. d4 cxd4 5. Nxd4 Bg7 6. Be3 Nf6 7. Bc4 O-O 8. Bb3 d6 9. f3 Bd7 10. Qd2 Nxd4 11. Bxd4 b5 12. a4 bxa4 $1 {[%emt 0:01:47][%mdl 4] now scores much better than the old 12...b4. B77: Sicilian Dragon: Yugoslav Attack, 9 Bc4 sidelines.} 13. Bxa4 Be6 14. Bc6 Rc8 15. Bd5 {[%emt 0:00:17] [#]} Bxd5 $146 ({Predecessor:} 15... Rb8 16. Bxe6 fxe6 17. Ra2 a5 18. O-O Rb4 19. Ne2 e5 20. Bc3 Qb6+ 21. Kh1 Nxe4 {½-½ (72) Zambrana,O (2480)-Fier,A (2601) Campinas 2010}) 16. exd5 a5 17. O-O Nd7 18. Bxg7 Kxg7 19. Qd4+ Kg8 20. Ra2 {[%emt 0:00:57] Weighted Error Value: White=0.14 (very precise) /Black=0.05 (flawless)} ({White should try} 20. Rf2 $11) 1/2-1/2

[Event "Susha Chess Rapid 2022"]
[Site "Shusha"]
[Date "2022.09.22"]
[Round "5.2"]
[White "Durarbayli, Vasif"]
[Black "Vidit, Santosh Gujrathi"]
[Result "0-1"]
[ECO "C65"]
[WhiteElo "2628"]
[BlackElo "2710"]
[Annotator "TA"]
[PlyCount "125"]
[EventDate "2022.09.21"]
[EventType "tourn"]
[EventCountry "AZE"]
[SourceTitle "playchess.com"]
[Source "ChessBase"]
[SourceQuality "1"]
[TimeControl "900+10"]

1. e4 e5 2. Nf3 Nc6 3. Bb5 Nf6 4. d3 Bc5 5. Bxc6 dxc6 6. O-O {[%emt 0:00:01] C65: Ruy Lopez: Berlin Defence (3...Nf6), unusual lines and 4 0-0 Bc5.} Bd6 7. Nbd2 Be6 8. b3 {[%emt 0:00:01] The position is equal.} Nd7 9. Nc4 Bxc4 10. bxc4 Qe7 11. Be3 O-O 12. Rb1 b6 {[%emt 0:00:02] [#]} 13. g3 $146 ({Predecessor:} 13. h3 Rfe8 14. a4 a5 15. g3 Bc5 16. Bd2 Bd6 17. Nh4 g6 18. Qg4 h5 19. Qe2 {½-½ (41) Garcia Rodriguez,I (2326)-Diaz Rubi,F (2304) ICCF email 2019}) 13... f5 14. exf5 Rxf5 15. Nh4 Rf7 16. Qg4 Nf6 17. Qg5 {[%emt 0:02:48] And now Nf5 would win.} Qe6 18. Rbe1 (18. Qf5 $5 Qd7 19. h3 $11) 18... Qh3 19. f3 g6 20. Bf2 (20. Nxg6 $5 hxg6 21. Qxg6+ Kf8 22. d4 $11) 20... Raf8 21. Qd2 Nh5 {[%emt 0:02:08] Black is more active.} (21... g5 $1 $17 22. Ng2 (22. Qxg5+ $2 Rg7 $19) 22... h6) 22. Re4 $11 Be7 (22... Rxf3 $2 23. Nxf3 Rxf3 24. Qe2 $18) 23. Be3 (23. Qe2 $11) 23... Nf6 $1 $17 24. Rxe5 Ng4 {[%emt 0:00:02][%mdl 64] Pin} 25. Re4 (25. Rxe7 $17 Rxe7 26. Bg5) 25... Bxh4 $19 26. Bd4 $2 {[%emt 0:03:08] [#]} (26. Rxg4 $2 Rxf3 27. Rxf3 Rxf3 28. Rxg6+ hxg6 $19) (26. Bf4 Rxf4 27. gxf4) 26... Rxf3 $2 (26... Bxg3 $1 $19 27. Qg2 Qxh2+ 28. Qxh2 Nxh2) 27. Rxf3 $11 Rxf3 {[%emt 0:00:02][%csl Gh3][%cal Rf3f1] Chess con chili.} 28. Qg2 {[%emt 0:00:48] Prevents Rf1+.} Qxg2+ 29. Kxg2 Rf7 30. Rxg4 {[%emt 0:00:20][%mdl 4096] Endgame KRB-KRB} Bf6 31. Re4 Bxd4 32. Rxd4 {[%emt 0:00:02] KR-KR} Kg7 33. c5 g5 ({Don't take} 33... bxc5 34. Rc4 $16 (34. Ra4 Kf6 $16)) 34. Ra4 a5 35. cxb6 cxb6 36. Rd4 Kg6 37. g4 Rf6 38. Rd8 c5 39. c4 h6 40. h3 Kf7 41. Rd7+ Ke6 42. Rd5 Rf8 43. h4 gxh4 44. Kh3 a4 45. Kxh4 Rf2 46. a3 {[%emt 0:00:01][%mdl 8192] [#] Black continues to play with concentration.} (46. Kg3 $11 Rxa2 47. Rh5) 46... Ra2 $1 $19 47. Kh5 (47. Kg3 $142 Rxa3 48. Rh5) 47... Rxa3 {[%emt 0:00:03] Hoping for ...Ra1.} 48. Kxh6 {[%emt 0:00:02] [#]} Ra1 $2 (48... b5 $1 $19 49. Rxc5 b4) 49. Rd8 $2 (49. Rh5 $11) 49... a3 50. Ra8 a2 51. Kg5 Ke5 52. Ra3 Kd4 53. Kg6 Rg1 54. Rxa2 Rxg4+ (54... Kxd3 55. g5 Kxc4 56. Kf6) 55. Kf5 Rg3 56. Rb2 Rxd3 57. Rxb6 Rf3+ {[%emt 0:00:11] Black mates.} 58. Ke6 Kxc4 59. Rb1 Kd4 60. Rd1+ Rd3 61. Rc1 c4 62. Kd6 c3 63. Kc6 {[%emt 0:00:02] Weighted Error Value: White=0.65/Black=0.17 (very precise)} 0-1

[Event "Susha Chess Rapid 2022"]
[Site "Shusha"]
[Date "2022.09.22"]
[Round "5.3"]
[White "Mamedyarov, Shakhriyar"]
[Black "Yilmaz, Mustafa"]
[Result "1-0"]
[ECO "D38"]
[WhiteElo "2757"]
[BlackElo "2633"]
[Annotator "TA"]
[PlyCount "104"]
[EventDate "2022.09.21"]
[EventType "tourn"]
[EventCountry "AZE"]
[SourceTitle "playchess.com"]
[Source "ChessBase"]
[SourceQuality "1"]
[TimeControl "900+10"]

1. d4 Nf6 2. c4 e6 3. Nf3 d5 4. Nc3 Bb4 5. cxd5 exd5 6. Bf4 {[%emt 0:00:01] D38: Queen's Gambit Declined: Ragozin Defence (4 Nf3 Bb4).} Ne4 {[%emt 0:00:19] is the new trend.} 7. Rc1 Nc6 8. e3 (8. Nd2 $11) 8... g5 $1 $15 9. Bg3 h5 10. h4 Nxg3 11. fxg3 gxh4 {[%emt 0:00:07] [#]} ({Black should try} 11... g4 $15 12. Ng1 Bd6) 12. gxh4 $146 ({Predecessor:} 12. Bb5 Qd6 13. gxh4 Qg3+ 14. Kf1 Rg8 15. Rg1 Bxc3 16. Rxc3 Bd7 17. Rc5 a6 18. Ba4 {½-½ (50) Carlsen,M (2862)-Giri,A (2764) chess24.com INT 2020}) 12... Qd6 13. a3 Bxc3+ 14. Rxc3 Bd7 15. Qc2 O-O-O 16. Bb5 f6 17. O-O Rdg8 18. Ne1 Kb8 19. Qf2 Rh6 20. Qf4 Qxf4 21. Rxf4 Kc8 22. Nd3 Nd8 23. Bxd7+ Kxd7 24. Rf5 Ke6 {[%emt 0:00:45] [#]} (24... c6 $1 $11 {remains equal.}) 25. Rxh5 $3 $16 {[%emt 0:00:32][%mdl 512] White is more active. Black is now going downhill.} Rxh5 26. Nf4+ Kf5 27. Nxh5 {[%emt 0:00:03][%mdl 4096] Endgame KRN-KRN} Ne6 28. Kf2 c6 (28... Rg4 $16) 29. Kf3 Kg6 30. Nf4+ Nxf4 31. exf4 $18 {[%emt 0:00:01] KR-KR} ({Don't take} 31. Kxf4 f5 32. Rc5 Kf7 $16) 31... f5 32. Rb3 b6 (32... Rb8 $142 33. Re3 Kf6) 33. Rc3 Rc8 34. b4 {[%emt 0:00:02] Inhibits c5.} Kf6 (34... Kh5 {was worth a try.} 35. g3 a5) 35. h5 Rc7 36. g4 fxg4+ 37. Kxg4 {[%emt 0:00:01] aiming for f5.} Rg7+ 38. Kf3 Rc7 39. Rc1 Kf5 $2 (39... Rc8 40. Rg1 c5 41. dxc5 bxc5 42. bxc5 Rxc5 43. Rg6+ Kf7) 40. Rg1 c5 41. Rg5+ Ke6 42. Rg6+ Kf5 (42... Kf7 {was called for.} 43. dxc5 bxc5 44. bxc5 Rxc5) 43. Rg5+ $2 (43. dxc5 $18 bxc5 44. Rg5+ Kf6 45. bxc5 Rxc5 46. h6) 43... Kf6 $2 (43... Ke6 $11) 44. dxc5 {[%emt 0:00:20] White is clearly winning.} bxc5 45. Rxd5 cxb4 46. axb4 Rc1 47. h6 {[%emt 0:00:33][%cal Bh5h6,Bh6h7][%mdl 32] Rh5 is the strong threat.} Kg6 {[%emt 0:01:15] Prevents Rh5.} 48. Rd6+ Kf5 49. h7 Rh1 50. Rd7 {[%emt 0:00:38] Intending b5 and mate.} a6 51. Rf7+ Kg6 52. Ra7 {[%emt 0:00:06] Black must now prevent Ke4.} Kf5 {[%emt 0:00:02] Weighted Error Value: White=0.29 (precise) /Black=0.33} 1-0

[Event "Susha Chess Rapid 2022"]
[Site "Shusha"]
[Date "2022.09.22"]
[Round "5.4"]
[White "Guseinov, Gadir"]
[Black "Maghsoodloo, Parham"]
[Result "0-1"]
[ECO "B67"]
[WhiteElo "2661"]
[BlackElo "2721"]
[Annotator "TA"]
[PlyCount "168"]
[EventDate "2022.09.21"]
[EventType "tourn"]
[EventCountry "AZE"]
[SourceTitle "playchess.com"]
[Source "ChessBase"]
[SourceQuality "1"]
[TimeControl "900+10"]

1. e4 c5 2. Nc3 Nc6 3. Nf3 d6 4. d4 cxd4 5. Nxd4 Nf6 6. Bg5 e6 7. Qd2 a6 8. O-O-O Bd7 9. Kb1 Nxd4 10. Qxd4 Be7 11. f3 b5 12. Bxf6 gxf6 13. Qd2 h5 14. Bd3 Qb6 15. Rhe1 b4 16. Ne2 a5 17. f4 Bf8 18. Bc4 Rc8 19. Qd3 h4 20. f5 e5 21. c3 ({Better is} 21. Ng1 $14) 21... Bh6 $1 $11 22. cxb4 axb4 23. b3 Ke7 24. Ng1 $2 {[%emt 0:01:18] [#]} (24. a3 $1 $11) 24... Rhg8 (24... Rxc4 $1 $19 25. bxc4 (25. Qxc4 $2 Rc8 $19) 25... Ba4) 25. Re2 $17 {[%emt 0:00:04] [#]} (25. Qd5 $2 Rxc4 $1 26. Qxc4 Rxg2 $19) 25... Rg4 (25... Qd4 26. Qxd4 exd4 27. Nf3 $16 (27. Rxd4 Bb5 $16)) (25... Bb5 $1 $17) 26. Nf3 Rcg8 27. Ne1 Be8 28. Qh3 Bc6 29. Qd3 $1 Qc5 30. Qc2 Be3 31. Bd5 Bxd5 32. Rxd5 Qxc2+ 33. Nxc2 Bc5 34. Ne1 (34. Rdd2 $15) 34... R8g5 (34... Rf4 $1 $17 35. h3 Rf1) 35. h3 Rf4 36. Nd3 Rf1+ 37. Kc2 Rg3 38. Nxc5 Rc3+ 39. Kb2 dxc5 40. Rc2 (40. a4 $11) 40... Re3 (40... Rxc2+ $17 41. Kxc2 Ra1) 41. Rdxc5 $11 Rxe4 42. a4 (42. Rc7+ {looks sharper.} Kd6 43. a3 bxa3+ 44. Kxa3 Ref4 45. b4) 42... bxa3+ (42... Rxf5 43. a5 Re1 44. Rb5 $14) 43. Kxa3 Rxf5 (43... Rd4 $5 ) 44. Rc7+ Ke6 45. R2c6+ (45. R7c6+ $11 Ke7 46. Rc7+ Kf8 47. Rd2) 45... Kd5 $17 46. Rc2 Re1 47. R7c5+ (47. b4 $17 {was called for.}) 47... Ke4 $19 48. b4 Ra1+ $1 49. Kb3 Rf4 $2 (49... Rb1+ $19 50. Ka4 Rf4) 50. b5 $11 Kf5 51. Rb2 Ra5 52. Kc3 Ke6 53. Rc7 Ra3+ 54. Rb3 Rxb3+ (54... Ra1 $5 55. Rc6+ (55. b6 Rc1+ 56. Kd3 Rxc7 $17) 55... Kd7 $15) 55. Kxb3 Rf1 56. Rc4 $2 (56. Kc2 $11 {and White stays safe.}) 56... Rb1+ $1 $19 57. Ka4 $2 (57. Kc2 Rxb5 58. Rxh4) 57... f5 $19 58. Rxh4 e4 59. Rh8 f4 60. Rc8 f3 61. gxf3 exf3 62. Rc2 Kf5 $2 ({Black should play} 62... Ke5 $19 63. Rc5+ Kd4) 63. Ka5 $11 Kf4 64. b6 $2 {[%emt 0:00:00][%mdl 8192] [#]} (64. Rc4+ $1 $11 {and White is okay.} Kg5 65. Rc2) 64... Kg3 $2 (64... Rb3 $1 $19 {...Kg3 is the strong threat.} 65. h4 Ke3) 65. Ka6 $2 (65. Rc3 $11) 65... Kxh3 $2 (65... Ra1+ 66. Kb5 f2 67. Rxf2 Kxf2 68. h4 Kg3 69. h5 Rh1 70. Kc5 Rxh5+ 71. Kc6 f5 72. b7 Rh8 73. Kc7 f4 74. b8=Q Rxb8 75. Kxb8 f3 76. Kb7 f2 77. Kc6 f1=Q 78. Kc5 Qd3 79. Kb6 Kf4 80. Kc7 Ke5 81. Kc6 Qc4+ 82. Kb7 Qb5+ 83. Kc7 Ke6 84. Kc8 Kd6 85. Kd8 Qd7#) 66. b7 $1 $11 f5 67. Rc4 $2 (67. Ka7 $11) 67... Kg3 $2 (67... f2 {mates} 68. b8=Q Rxb8 69. Rc1 Kg2 70. Ka7 Rb4 71. Rc2 Kg1 72. Rc1+ f1=Q 73. Rxf1+ Kxf1 74. Ka6 f4 75. Ka7 f3 76. Ka6 Rb1 77. Ka5 Kg2 78. Ka4 f2 79. Ka3 f1=Q 80. Ka2 Rb8 81. Ka3 Qa6#) 68. Rc1 $1 $11 Rb4 (68... Rb3 $5 69. Rc3 $8 Rb2 $11) 69. Rg1+ $2 (69. Rc4 $11 Rb2 70. Rc2) 69... Kh2 $19 ({Wrong is} 69... Kf4 $2 70. Rd1 f2 71. Rd4+ Kg5 72. Rxb4 $19) 70. Rg5 {[%emt 0:00:08] [#]} f4 $1 71. Rb5 Rxb5 (71... f2 72. b8=Q f1=Q 73. Qh8+ Kg2 74. Qg8+ Kh2 75. Qh8+ Kg2 76. Qg8+ Kf3 77. Qd5+ Ke3 78. Qc5+ Rd4 79. Qc3+ Qd3 80. Qe1+ Kf3 81. Qh1+ Kg3 82. Qg1+ Kh3 83. Qh1+ Kg4 84. Qg1+ Kh4 85. Qh1+ Kg4 86. Qg1+ Kh4 87. Qh1+ Kg4 $11) 72. Kxb5 f2 73. b8=Q f1=Q+ 74. Kc5 Kg2 75. Kd5 Qd3+ 76. Ke5 f3 77. Qg8+ Kf1 78. Qg3 Ke2 79. Qg4 Kd2 80. Qh4 Qe3+ 81. Kd6 f2 82. Qb4+ Ke2 83. Qg4+ Qf3 84. Qe6+ Kd1 0-1